 Dungeon Crawl Stone Soup version 0.31-a0-626-g8143ab4f1d (webtiles) character file.

Game seed: 12012924238694305886

1534864 Voda the Intangible (level 27, 172/172 HPs)
             Began as a Merfolk Shapeshifter on Aug 18, 2023.
             Was the Champion of Elyvilon.
             Escaped with the Orb
             ... and 3 runes on Aug 24, 2023!
             The game lasted 06:17:58 (81087 turns).

Voda the Intangible (Merfolk Shapeshifter)         Turns: 81087, Time: 06:17:58

Health: 172/172    AC:  9    Str: 15    XL:     27
Magic:  28/28      EV: 54    Int:  5    God:    Elyvilon [******]
Gold:   4867       SH: 35    Dex: 40    Spells: 27/32 levels left

rFire   + . .        x - +9 rapier (speed)
rCold   + . .        b - +5 tower shield {rN+}
rNeg    + + .        v - melded +2 robe {rC+}
rPois   +            L - +0 helmet of Kaxtifav {rPois rN+ Will+ Str-3}
rElec   +            P - scarf {rC+ rF+}
rCorr   .            d - +4 pair of gloves "Ipuudoy" {+Inv Str+3 Dex+3}
SInv    .            U - +2 pair of boots "Yzozylay" {rElec Will+ Int-4}
Will    ++++.        E - amulet of guardian spirit
Stlth   ++           y - +6 ring of dexterity
HPRegen 0.48/turn    O - +6 ring of dexterity
MPRegen 0.21/turn

%: guardian spirit
@: maw-form
A: devouring maw, (nimble swimmer 2), mertail, deterioration 2, frail 3, weak 1,
subdued magic 1
0: Orb of Zot
}: 3/15 runes: decaying, serpentine, slimy
a: Begin Untransformation, Renounce Religion, Evoke Invisibility, Purification,
Heal Other, Heal Self, Divine Vigour


You escaped.
You worshipped Elyvilon.
Elyvilon was exalted by your worship.
You were a creature with a mouth for a stomach.
You visited 11 branches of the dungeon, and saw 53 of its levels.
You also visited: Gauntlet.

You collected 6298 gold pieces.
You spent 1431 gold pieces at shops.

Inventory:

Hand Weapons
 x - a +9 rapier of speed (weapon)
Armour
 b - a +5 tower shield of positive energy (worn)
 d - the +4 pair of gloves "Ipuudoy" (worn) {+Inv Str+3 Dex+3}
   (You found it in a Gauntlet)

   Str+3:     It affects your strength (+3).
   Dex+3:     It affects your dexterity (+3).
   +Inv:      It lets you turn invisible.
 v - a +2 robe of cold resistance (melded)
 w - the +4 dragonskin cloak
   (You took it off Tiamat on level 3 of the Realm of Zot)

   Avatar's Aegis: It grants the wearer a chance to resist fire, cold, poison,
   electricity, acid, and negative energy.
 L - the +0 helmet of Kaxtifav (worn) {rPois rN+ Will+ Str-3}
   (You acquired it on level 3 of the Swamp)

   Str-3:     It affects your strength (-3).
   rPois:     It protects you from poison rN+: It protects you from negative
   energy.
   Will+:     It increases your willpower.
 P - a scarf of resistance (worn)
 U - the +2 pair of boots "Yzozylay" (worn) {rElec Will+ Int-4}
   (You found it on level 4 of the Lair of Beasts)

   Int-4:     It affects your intelligence (-4).
   rElec:     It insulates you from electricity.
   Will+:     It increases your willpower.
Jewellery
 r - a ring of fire
 t - the amulet of Botriph {RegenMP Regen+ Int-3 Dex+3}
   (You found it on level 5 of the Pits of Slime)

   [amulet of magic regeneration]

   RegenMP:   It increases your rate of magic regeneration.
   Int-3:     It affects your intelligence (-3).
   Dex+3:     It affects your dexterity (+3).
   Regen+:    It increases your rate of health regeneration.
 y - a +6 ring of dexterity (left hand)
 z - a ring of see invisible
 E - an amulet of guardian spirit (around neck)
 K - a ring of positive energy
 N - a ring of resist corrosion
 O - a +6 ring of dexterity (right hand)
 V - a ring of protection from fire
Talismans
 c - a granite talisman
 k - a maw talisman (active)
Wands
 l - a wand of charming (26)
 s - a wand of roots (33)
 J - a wand of light (5)
 T - a wand of digging (13)
Scrolls
 a - 2 scrolls of identify
 n - 20 scrolls of teleportation
 p - 10 scrolls of poison
 q - 14 scrolls of revelation
 B - 2 scrolls of summoning
 G - 11 scrolls of blinking
 I - 6 scrolls of fear
 M - 3 scrolls of enchant weapon
 X - 3 scrolls of brand weapon
 Y - 3 scrolls of immolation
 Z - 7 scrolls of fog
Potions
 e - 3 potions of cancellation
 f - 7 potions of enlightenment
 h - 2 potions of mutation
 i - 6 potions of magic
 j - a potion of invisibility
 m - 15 potions of curing
 o - 9 potions of brilliance
 u - 10 potions of haste
 A - 9 potions of lignification
 C - 4 potions of ambrosia
 D - 16 potions of heal wounds
 F - 5 potions of resistance
 Q - 5 potions of might
 S - 6 potions of berserk rage
Miscellaneous
 g - a phial of floods
 H - a box of beasts
 R - a lightning rod (4/4)


   Skills:
 + Level 26.7 Fighting
 - Level 14.0 Short Blades
 O Level 27 Dodging
 - Level 10.0 Stealth
 + Level 23.8 Shields
 - Level 4.3 Unarmed Combat
 - Level 3.3 Spellcasting
 - Level 6.2 Hexes
 - Level 6.9 Ice Magic
 - Level 7.2 Invocations
 - Level 12.5 Evocations
 - Level 19.5 Shapeshifting


You had 27 spell levels left.
You knew the following spells:

 Your Spells              Type           Power      Damage    Failure   Level
a - Ensorcelled Hibernat  Hex/Ice        10%        N/A       4%          2
b - Ozocubu's Armour      Ice            5%         N/A       8%          3

Your spell library contained the following spells:

 Spells                   Type           Power      Damage    Failure   Level
 Slow                     Hex            20%        N/A       3%          1
 Frozen Ramparts          Ice            10%        1d2       8%          3
 Confusing Touch          Hex            5%         N/A       11%         3
 Cause Fear               Hex            2%         N/A       34%         4
 Dazzling Flash           Conj/Hex       6%         N/A       36%         3
 Portal Projectile        Hex/Tloc       6%         N/A       36%         3
 Summon Guardian Golem    Hex/Summ       3%         N/A       36%         3
 Foxfire                  Conj/Fire      0%         2x1d4     43%         1
 Kiss of Death            Conj/Necr      0%         2d5       43%         1
 Magic Dart               Conj           0%         1d3       43%         1
 Sting                    Tmut/Pois      0%         1d3       43%         1
 Summon Small Mammal      Summ           0%         N/A       43%         1
 Blink                    Tloc           0%         N/A       58%         2
 Call Imp                 Summ           0%         N/A       58%         2
 Lesser Beckoning         Tloc           0%         N/A       58%         2
 Momentum Strike          Conj/Tloc      0%         3d8       58%         2
 Passwall                 Tmut/Erth      0%         N/A       58%         2
 Static Discharge         Conj/Air       0%         2-2/arc   58%         2
 Sublimation of Blood     Necr           0%         N/A       58%         2
 Metabolic Englaciation   Hex/Ice        2%         N/A       67%         5
 Anguish                  Hex/Necr       1%         N/A       80%         4
 Leda's Liquefaction      Hex/Erth       1%         N/A       80%         4
 Call Canine Familiar     Summ           0%         N/A       82%         3
 Gell's Gravitas          Tloc           0%         N/A       82%         3
 Ignite Poison            Fire/Tmut/Pois 0%         N/A       82%         3
 Mephitic Cloud           Conj/Pois/Air  0%         N/A       82%         3
 Stone Arrow              Conj/Erth      0%         3d7       82%         3
 Swiftness                Air            0%         N/A       82%         3
 Teleport Other           Tloc           0%         N/A       82%         3
 Vhi's Electric Charge    Tloc/Air       0%         N/A       82%         3
 Silence                  Hex/Air        1%         N/A       98%         5
 Summon Mana Viper        Hex/Summ       3%         N/A       98%         5
 Yara's Violent Unravell  Hex/Tmut       1%         3d3       98%         5
 Airstrike                Air            0%         2d(0-16)  99%         4
 Animate Armour           Summ/Erth      0%         N/A       99%         4
 Dispel Undead            Necr           0%         3d6       99%         4
 Manifold Assault         Tloc           0%         N/A       99%         4
 Olgreb's Toxic Radiance  Pois           0%         N/A       99%         4
 Petrify                  Tmut/Erth      0%         N/A       99%         4
 Summon Lightning Spire   Summ/Air       0%         N/A       99%         4
 Agony                    Necr           0%         N/A       100%        5
 Alistair's Intoxication  Tmut/Pois      0%         N/A       100%        5
 Arcjolt                  Conj/Air       0%         1d10      100%        5
 Fireball                 Conj/Fire      0%         3d3       100%        5
 Irradiate                Conj/Tmut      0%         3d11      100%        5
 Iskenderun's Battlesphe  Conj           0%         2d6       100%        5
 Lee's Rapid Deconstruct  Erth           0%         3d4*      100%        5
 Conjure Ball Lightning   Conj/Air       0%         3x3d6     100%        6
 Dispersal                Tloc           0%         N/A       100%        6
 Eringya's Noxious Bog    Tmut/Pois      0%         4d6       100%        6
 Leda's Unmaking          Conj/Erth      0%         9d1       100%        6
 Plasma Beam              Fire/Air       0%         2x1d10    100%        6
 Simulacrum               Ice/Necr       1%         N/A       100%        6
 Starburst                Conj/Fire      0%         6d3       100%        6
 Orb of Destruction       Conj           0%         9d5       100%        7
 Spellforged Servitor     Conj/Summ      0%         N/A       100%        7
 Discord                  Hex            2%         N/A       100%        8
 Disjunction              Tloc           0%         N/A       100%        8
 Ignition                 Fire           0%         3d3       100%        8
 Lehudib's Crystal Spear  Conj/Erth      0%         10d2      100%        8
 Maxwell's Capacitive Co  Air            0%         ∞         100%        8
 Dragon's Call            Summ           0%         N/A       100%        9


Dungeon Overview and Level Annotations

Branches:
Dungeon (15/15)            Temple (0/1) D:6            Lair (5/5) D:10
  Swamp (4/4) Lair:2        Snake (4/4) Lair:3        Slime (5/5) Lair:4
    Orc (2/2) D:11            Elf (3/3) Orc:2        Vaults (4/5) D:14
  Crypt (2/3) Vaults:3     Depths (4/4) D:15            Zot (5/5) Depths:4
Gauntlet (visited)

Altars:
Ashenzari
Dithmenos
Elyvilon
Fedhas
Gozag
Kikubaaqudgha
Okawaru
Trog
Uskayaw
Xom
Zin
Jiyva

Shops:
D:1 **([[   D:11 ?   Orc:1 !   Orc:2 [?![   Elf:1 ::   Elf:2 ?*   Snake:2 (:(!
Snake:4 *   Vaults:2 (   Vaults:3 (

Portals:
Hell: Depths:1 Depths:2 Depths:3 Depths:4
Abyss: D:5 Depths:2 Depths:3
Pandemonium: Depths:2 Depths:3
Ziggurat: Depths:4

Annotations:
D:6 3 runed translucent doors, DrClinical's ghost, novice KoEn
D:10 1 runed translucent door, flestrin's ghost, novice DsSh
Snake:1 1 runed translucent door, Vorhees's ghost, adept GnFi
Snake:4 2 transporters, Razfen's ghost, adept GnWn
Elf:3 Mara


Innate Abilities, Weirdness & Mutations

You are a creature with a mouth for a stomach.
Your midsection houses a second, enormous mouth.
((You are very nimble when in or above water. (Stealth+, EV+, Speed+++)))
Your lower body shifts to a powerful aquatic tail in water.
Your body often deteriorates upon taking damage.
You are extremely frail. (-30% HP)
You are weak. (Str -2)
Your spells are a little easier to cast, but a little less powerful.


Message History

The Brimstone Fiend moves out of view.
There is a stone staircase leading up here.
You climb upwards.
There is a stone staircase leading down here.
What level of the Dungeon? (default 1, ? - help)
You see here a staff of death.
There is a stone staircase leading up, spattered with blood here.
You climb upwards.
There is a stone staircase leading down here.
There is a stone staircase leading up here.
You climb upwards.
There is a stone staircase leading down here.
There is an open door here.
There is an open door here.
An Orb Guardian comes into view.
There is an open door here.
The Orb Guardian attacks as it pursues you!
You block the Orb Guardian's attack.
You impale the Orb Guardian!! Your bite misses the Orb Guardian.
The Orb Guardian is moderately wounded.
You block the Orb Guardian's attack.
You hit the Orb Guardian but do no damage.
You bite the Orb Guardian!
The Orb Guardian is heavily wounded.
You puncture the Orb Guardian! Your bite misses the Orb Guardian.
The Orb Guardian is severely wounded.
The Orb Guardian completely misses you.
You closely miss the Orb Guardian. You bite the Orb Guardian!
The Orb Guardian is severely wounded.
You hit the Orb Guardian but do no damage.
You bite the Orb Guardian, but do no damage.
The Orb Guardian is severely wounded.
You block the Orb Guardian's attack.
You puncture the Orb Guardian! Your bite misses the Orb Guardian.
The Orb Guardian is almost dead.
You impale the Orb Guardian!!
You kill the Orb Guardian!
You see here 5 stones.
There is a staircase leading out of the dungeon here.
You have escaped!

#.# ####.###....# ##...##
#.# #........##.# ##+##
#####.# #.##........# #.#
......# #.#.(♣♣♣♣♣..##
#.# #######
##....♣♣♣♣♣.♣.#####.##
#>.♣♣.♣∩∩∩.♣♣♣.>##...##
#..♣♣∩.....∩♣♣..#.....#
#.♣♣∩..♣♣♣..∩♣♣......## #
#.♣♣∩...W...∩♣♣..##.## #
#.♣♣∩..♣♣♣..∩♣♣.###.#####
#..♣♣∩.....∩♣♣...........
#>.♣♣♣♣∩.∩♣♣♣♣.>.##.#####
###.♣♣♣♣.♣♣♣♣....##.#
##..♣♣.♣♣..######.#####
##.......## #.#....
########### #.#.###
##########......# #.#.#


There were no monsters in sight!

Vanquished Creatures
  the Royal Jelly (Slime:5)
  A dread lich (Zot:5)
  An ancient lich (Zot:5)
  2 orbs of fire
  Frederick (Vaults:3)
  Margery (Crypt:1)
  A shard shrike (Zot:2)
  Saint Roka (Snake:3)
  Vashnia (Snake:4)
  8 Killer Klowns
  3 curse toes
  3 golden dragons
  3 caustic shrikes (Depths:4)
  Norris (Vaults:3)
  A doom hound (Depths:2)
  15 tentacled monstrosities
  Grunn (Depths:2)
  2 electric golems
  Rupert (D:15)
  Asterion (Snake:2)
  Zenata (Vaults:2)
  26 Orb Guardians
  4 titans
  9 sphinxes
  6 quicksilver dragons
  2 deep elf blademasters
  18 acid blobs
  3 Executioners
  9 death cobs
  An ancient champion (Crypt:1)
  Agnes (Snake:3)
  19 storm dragons
  4 shadow dragons
  A revenant (Crypt:2)
  Kirke (D:14)
  Aizul (Depths:2)
  6 draconian monks
  9 nagarajas
  Roxanne (Swamp:3)
  17 azure jellies
  4 rockslimes
  2 iron dragons (Depths:4)
  7 vault wardens
  2 deep elf sorcerers
  6 fire giants
  3 draconian knights (Zot:3)
  12 draconian scorchers
  3 frost giants
  6 draconian shifters
  4 ghouls
  A curse skull (Crypt:1)
  A deep elf elementalist (Elf:2)
  15 quicksilver oozes
  5 ghost moths
  2 orc warlords
  16 ironbound preservers
  5 draconian annihilators
  3 war gargoyles (Vaults:4)
  9 formless jellyfish
  A spriggan defender (Depths:3)
  6 ironbound thunderhulks
  A demonspawn black sun (D:11)
  15 very ugly things
  6 eleionomae
  5 vampire knights
  5 deep elf demonologists
  A lorocyproca (D:11)
  15 stone giants
  A spark wasp (shapeshifter) (Vaults:3)
  12 green draconians
  6 black draconians
  15 white draconians
  7 purple draconians
  2 bunyips
  12 red draconians
  12 spark wasps
  5 deep elf annihilators (Elf:3)
  12 yellow draconians
  2 green deaths (Swamp:4)
  16 dire elephants
  6 eidola
  A quicksilver dragon zombie (Crypt:1)
  5 deep elf death magi
  Josephine (D:12)
  7 fire dragons
  An entropy weaver (Vaults:3)
  12 great orbs of eyes
  13 ettins
  2 jiangshi (Crypt:2)
  2 deep elf high priests
  A shambling mangrove (Swamp:1)
  3 vault guards (Vaults:4)
  10 yaktaur captains
  5 rakshasas
  20 hydras
  8 ice dragons
  A spriggan skeleton (Crypt:1)
  5 ironbound frosthearts
  A salamander tyrant (Snake:4)
  A fenstrider witch skeleton (Crypt:2)
  5 boulder beetles (D:15)
  A peacekeeper (Vaults:4)
  5 alligators
  3 spriggan air magi (Depths:2)
  5 death knights
  19 anacondas
  5 ogre magi
  23 centaur warriors
  12 two-headed ogres
  An Orb Guardian skeleton (Crypt:2)
  Erica (D:8)
  6 deep troll earth magi
  14 naga warriors
  6 death yaks
  A deep troll shaman (Depths:4)
  4 spriggan berserkers
  5 vampire magi
  13 naga sharpshooters
  A titan zombie (Crypt:1)
  7 tengu warriors
  8 dancing weapons
  4 orc high priests
  A soul eater (Crypt:1)
  7 shock serpents
  7 deep elf knights
  17 hell knights
  A titan skeleton (Vaults:4)
  7 skysharks
  A fire crab (shapeshifter) (D:15)
  A shadow wraith (Crypt:2)
  6 iron trolls
  3 salamander mystics
  3 goliath frogs (Swamp:3)
  An anaconda zombie (Crypt:1)
  2 glowing orange brains
  17 skeletal warriors
  6 swamp dragons
  A tengu zombie (Vaults:3)
  34 deep trolls
  12 ironbound convokers
  4 naga ritualists
  4 flayed ghosts
  A swamp dragon (shapeshifter) (D:15)
  12 bog bodies
  12 wizards
  2 harpies
  An anaconda skeleton (Crypt:2)
  18 lindwurms
  17 deep elf archers
  37 deep elf pyromancers
  Pikel (D:7)
  3 wolf spiders
  13 necromancers
  26 deep elf zephyrmancers
  11 mana vipers
  6 phantasmal warriors
  8 orc knights
  6 orc sorcerers
  A human zombie (Vaults:4)
  An oklob plant (Lair:5)
  35 ugly things
  A fire giant skeleton (Vaults:4)
  4 manticores
  5 shining eyes
  2 will-o-the-wisps
  21 moths of wrath
  13 cyclopes
  6 elephants (Lair:5)
  A human skeleton (Vaults:4)
  12 naga magi
  Maurice (Orc:1)
  32 black mambas
  11 guardian serpents
  3 molten gargoyles (Lair:5)
  18 salamanders
  A centaur zombie (Crypt:1)
  12 vault sentinels
  Jeremiah (Lair:1)
  Joseph (D:8)
  2 naga skeletons
  7 cane toads
  3 orange demons (Swamp:4)
  2 unseen horrors
  A centaur skeleton (Crypt:1)
  24 yaktaurs
  A gargoyle (D:10)
  A kobold demonologist (D:11)
  7 rime drakes
  A bunyip simulacrum (Crypt:1)
  2 tengu conjurers
  10 komodo dragons
  2 tormentors
  8 freezing wraiths
  A meliai (shapeshifter) (D:15)
  A queen bee (shapeshifter) (D:15)
  The ghost of flestrin the Covered, an amateur MiFi (D:5)
  4 polar bears
  A harpy zombie (Crypt:2)
  A mana viper zombie (Crypt:1)
  12 tyrant leeches
  3 meliai (D:13)
  2 bloated husks
  7 trolls
  A wolf spider simulacrum (Gauntlet)
  A wind drake (shapeshifter) (Elf:1)
  A death drake zombie (Crypt:2)
  16 hornets
  A tarantella (shapeshifter) (D:15)
  Grinder (D:5)
  A great orb of eyes zombie (Crypt:1)
  A harpy skeleton (Crypt:1)
  19 blink frogs
  A human simulacrum (Vaults:4)
  A draconian simulacrum (Crypt:1)
  An ettin zombie (Crypt:1)
  6 flying skulls
  163 slime creatures
  A spriggan (shapeshifter) (Depths:3)
  A ynoxinul (Depths:4)
  3 centaur simulacra
  4 air elementals
  2 elf skeletons (Vaults:3)
  An ice dragon skeleton (Crypt:1)
  5 shadows
  12 wraiths
  41 yaks
  2 water elementals
  A vampire (D:11)
  3 large abominations (Swamp:4)
  12 spriggans
  2 black mamba skeletons (Crypt:2)
  2 fire elementals
  4 hogs
  A hog (shapeshifter) (D:14)
  7 wyverns
  11 basilisks
  13 humans
  6 vampire mosquitoes
  5 steam dragons
  10 golden eyes
  3 redbacks (Vaults:3)
  An elf zombie (Vaults:3)
  A minotaur simulacrum (Crypt:2)
  23 nagas
  A swamp worm (shapeshifter) (Vaults:3)
  15 swamp worms
  2 acid dragons (D:11)
  7 wargs
  A harpy simulacrum (D:15)
  A naga zombie (Crypt:1)
  2 floating eyes
  4 hell hounds (Lair:5)
  23 water moccasins
  38 orc warriors
  A deep troll skeleton (Crypt:2)
  2 sky beasts (D:7)
  A black bear (Lair:3)
  An ice dragon simulacrum (Gauntlet)
  9 ogres
  An ice beast (Depths:1)
  2 swamp dragon zombies (Crypt:1)
  8 boggarts
  20 wolves
  10 centaurs
  A lemure (D:7)
  4 kobold brigands
  12 bullfrogs
  A necrophage (Crypt:2)
  6 scorpions
  A wyvern zombie (Crypt:2)
  An earth elemental (Elf:2)
  3 gnoll sergeants
  3 wights
  A queen bee zombie (Crypt:1)
  A hornet simulacrum (Gauntlet)
  2 spriggan zombies (Crypt:2)
  4 small abominations (D:5)
  7 killer bees
  5 howler monkeys
  A vampire bat (Depths:1)
  6 electric eels (D:11)
  A crimson imp (Orc:2)
  A bullfrog zombie (Crypt:2)
  5 lava snakes (Lair:5)
  An iron imp (Orc:2)
  29 orc priests
  4 hounds
  A bullfrog skeleton (Crypt:2)
  6 jellies
  Jessica (D:2)
  4 iguanas
  A scorpion zombie (Crypt:1)
  Natasha (thrice) (D:2)
  48 orc wizards
  A sleepcap (D:5)
  A killer bee zombie (Crypt:2)
  A hound skeleton (Crypt:1)
  16 gnolls
  9 adders
  A swamp drake skeleton (Crypt:1)
  4 shadow imps
  3 white imps
  3 ufetubi
  An adder zombie (Crypt:1)
  2 worms
  4 dart slugs
  111 orcs
  6 ball pythons
  10 endoplasms
  4 giant cockroaches
  3 goblins
  7 hobgoblins
  4 jackals (D:2)
  21 kobolds
  3 quokkas
  4 bats
  2 frilled lizards
  5 rats
2230 creatures vanquished.

Vanquished Creatures (collateral kills)
  A dread lich (Zot:5)
  Tiamat (Zot:3)
  A Killer Klown (Zot:5)
  A doom hound (Depths:2)
  A walking frostbound tome (Depths:3)
  A rockslime (Slime:2)
  A draconian scorcher (Zot:3)
  A frost giant (Depths:3)
  A draconian stormcaller (Zot:4)
  A white draconian (Zot:4)
  A red draconian (Zot:3)
  2 ugly things (D:15)
  3 slime creatures (Slime:2)
  3 yaks (Lair:1)
  3 humans (D:13)
  A water moccasin (D:5)
23 creatures vanquished.

Vanquished Creatures (others)
  Vv (Depths:2)
  A golden dragon (Zot:5)
  A vault warden (Vaults:1)
  A green draconian (Zot:3)
  A white draconian (Zot:2)
  A naga sharpshooter (Snake:4)
  A deep elf knight (Elf:1)
  A wizard (Depths:1)
  An ironbound convoker (Vaults:1)
  2 deep elf pyromancers (Elf:1)
  2 deep elf zephyrmancers
  A komodo dragon (Lair:1)
  A bloated husk (Swamp:2)
  A water elemental (Elf:3)
  A naga (Snake:2)
  A swamp drake (Orc:2)
  2 orc wizards (Orc:2)
  A white imp (Orc:2)
  5 orcs
26 creatures vanquished.

Grand Total: 2279 creatures vanquished

Notes
Turn   | Place    | Note
-------+----------+-------------------------------------------
     0 | D:1      | Voda the Merfolk Shapeshifter began the quest for the Orb.
     0 | D:1      | Reached XP level 1. HP: 15/15 MP: 1/1
    13 | D:1      | Found Qoviet's Antique Armour Boutique.
    95 | D:1      | Found Siwixuir's Antique Armour Shoppe.
   192 | D:1      | Reached XP level 2. HP: 21/21 MP: 2/2
   247 | D:1      | Found Otarch's Antique Weapon Shoppe.
   286 | D:1      | Found Ragam's General Store.
   296 | D:1      | Bought a scroll of identify for 22 gold pieces
   427 | D:1      | Found Satoovuf's General Store.
   570 | D:1      | Reached skill level 3 in Dodging
   642 | D:1      | Reached skill level 1 in Stealth
   910 | D:2      | Found a faded altar of an unknown god.
   956 | D:2      | Found a white marble altar of Elyvilon.
   960 | D:2      | Reached XP level 3. HP: 26/26 MP: 3/3
   968 | D:2      | Became a worshipper of Elyvilon the Healer
  1006 | D:2      | Learned a level 2 spell: Ensorcelled Hibernation
  1167 | D:2      | Noticed Natasha
  1177 | D:2      | Killed Natasha
  1377 | D:2      | Noticed Natasha
  1483 | D:3      | Reached XP level 4. HP: 11/33 MP: 4/4
  1606 | D:3      | Reached * piety under Elyvilon
  1864 | D:3      | Reached XP level 5. HP: 36/39 MP: 5/5
  2056 | D:3      | Reached skill level 4 in Dodging
  2056 | D:3      | Reached skill level 1 in Invocations
  2233 | D:4      | Identified the +3 leather armour of Purpose {Int+4 Dex+3}
  2305 | D:4      | Reached ** piety under Elyvilon
  2408 | D:4      | Reached XP level 6. HP: 38/46 MP: 7/7
  3017 | D:5      | Entered Level 5 of the Dungeon
  3024 | D:5      | Reached skill level 1 in Ice Magic
  3026 | D:5      | Reached skill level 1 in Hexes
  3126 | D:5      | Reached skill level 1 in Short Blades
  3158 | D:5      | Found a transporter.
  3181 | D:5      | Noticed flestrin's ghost (amateur MiFi)
  3196 | D:5      | Found a transporter.
  3196 | D:5      | Noticed a water moccasin
  3207 | D:5      | Killed a water moccasin
  3208 | D:5      | Reached skill level 1 in Spellcasting
  3208 | D:5      | Reached XP level 7. HP: 46/51 MP: 8/8
  4320 | D:5      | Noticed Grinder
  4332 | D:5      | Paralysed by Grinder for 5 turns
  4371 | D:5      | Paralysed by Grinder for 5 turns
  4630 | D:5      | Reached XP level 8. HP: 38/57 MP: 7/10
  4794 | D:6      | Reached *** piety under Elyvilon
  5013 | D:6      | Found a runed translucent gate.
  5013 | D:6      | Found a runed translucent gate.
  5013 | D:6      | Found a runed translucent gate.
  5194 | D:6      | Noticed DrClinical's ghost (novice KoEn)
  5523 | D:7      | Reached **** piety under Elyvilon
  5689 | D:7      | Reached skill level 5 in Ice Magic
  6190 | D:5      | Reached skill level 5 in Stealth
  6190 | D:5      | Reached XP level 9. HP: 62/62 MP: 10/13
  6551 | D:7      | Noticed a komodo dragon
  6796 | D:7      | Reached skill level 5 in Hexes
  6976 | D:8      | Found a hide-covered altar of Uskayaw.
  7020 | D:8      | Noticed a two-headed ogre
  7178 | D:8      | Noticed Joseph
  7526 | D:7      | Found a broken altar of Ashenzari.
  7701 | D:7      | Reached skill level 5 in Shapeshifting
  8094 | D:8      | Killed Joseph
  8095 | D:8      | Reached skill level 5 in Short Blades
  8473 | D:8      | Killed a two-headed ogre
  8474 | D:8      | Reached XP level 10. HP: 66/73 MP: 8/15
  8610 | D:8      | Noticed Erica
  8628 | D:8      | Killed Erica
  8629 | D:8      | Reached skill level 5 in Fighting
  8920 | D:9      | Found an iron altar of Okawaru.
  8929 | D:9      | Found a glowing silver altar of Zin.
  9579 | D:6      | Found a staircase to the Ecumenical Temple.
 10115 | D:9      | Noticed an unseen horror
 10120 | D:9      | Killed an unseen horror
 10643 | D:10     | Entered Level 10 of the Dungeon
 10924 | D:10     | Found a staircase to the Lair.
 10949 | D:10     | Noticed a gargoyle
 10980 | D:10     | Killed a gargoyle
 10981 | D:10     | Reached skill level 5 in Dodging
 10994 | Lair:1   | Entered Level 1 of the Lair of Beasts
 10994 | Lair:1   | Noticed a black mamba
 11005 | Lair:1   | Killed a black mamba
 11006 | Lair:1   | Reached XP level 11. HP: 66/80 MP: 14/16
 11054 | Lair:1   | Noticed Jeremiah
 11097 | Lair:1   | Found a dark tunnel.
 11200 | Lair:1   | Reached skill level 6 in Dodging
 11264 | Lair:1   | Upgraded the game from 0.31-a0-574-g69dc8cc98e to
                  | 0.31-a0-590-g8a5a4361df
 11745 | D:10     | Found a runed translucent door.
 11746 | D:10     | Noticed flestrin's ghost (novice DsSh)
 11750 | D:10     | Noticed a two-headed ogre
 11768 | D:10     | Killed a two-headed ogre
 11769 | D:10     | Reached skill level 10 in Short Blades
 12337 | Lair:1   | Killed Jeremiah
 12838 | Lair:2   | Reached skill level 7 in Dodging
 13067 | Lair:2   | Found a staircase to the Swamp.
 13067 | Lair:2   | Noticed a bog body
 13164 | Lair:2   | Noticed a bog body
 13216 | Lair:3   | Noticed a seven-headed hydra
 13267 | Lair:2   | Reached XP level 12. HP: 71/89 MP: 12/17
 13484 | D:11     | Reached ***** piety under Elyvilon
 13576 | D:11     | Reached skill level 8 in Dodging
 13915 | D:11     | Reached skill level 9 in Dodging
 14029 | D:11     | Found a staircase to the Orcish Mines.
 14069 | D:11     | Found Michoega's Magic Scroll Boutique.
 14076 | D:11     | Bought a scroll of teleportation for 39 gold pieces
 14076 | D:11     | Bought a scroll of blinking for 97 gold pieces
 14076 | D:11     | Bought a scroll of teleportation for 39 gold pieces
 14076 | D:11     | Bought a scroll of teleportation for 39 gold pieces
 14076 | D:11     | Bought a scroll of blinking for 97 gold pieces
 14715 | D:11     | Noticed a two-headed ogre
 14724 | D:11     | Killed a two-headed ogre
 14725 | D:11     | Reached skill level 10 in Dodging
 15390 | Lair:1   | Reached skill level 11 in Dodging
 15733 | Lair:3   | Noticed a skyshark
 15738 | Lair:3   | Killed a skyshark
 15739 | Lair:3   | Reached skill level 12 in Dodging
 16007 | Lair:3   | Noticed a skyshark
 16021 | Lair:3   | Killed a skyshark
 16075 | Lair:3   | Reached skill level 13 in Dodging
 16286 | Lair:3   | Reached skill level 14 in Dodging
 16370 | Lair:3   | Reached XP level 13. HP: 95/95 MP: 15/18
 16394 | Lair:3   | Reached skill level 15 in Dodging
 17065 | Lair:3   | Reached skill level 16 in Dodging
 17355 | Lair:3   | Found a staircase to the Snake Pit.
 18211 | Lair:4   | Identified the +2 pair of boots "Yzozylay" {rElec Will+
                  | Int-4}
 18407 | Lair:5   | Entered Level 5 of the Lair of Beasts
 18429 | Lair:4   | Found a staircase to the Slime Pits.
 18429 | Lair:4   | Found a viscous altar of Jiyva.
 18700 | Lair:4   | Reached skill level 17 in Dodging
 19861 | Lair:3   | Reached skill level 5 in Invocations
 20145 | Lair:4   | Identified the +4 spear of Waudwiel {antimagic, rPois rC+
                  | rCorr}
 20654 | Lair:5   | Reached skill level 18 in Dodging
 20700 | Lair:5   | Reached XP level 14. HP: 105/105 MP: 17/19
 21248 | Orc:1    | Entered Level 1 of the Orcish Mines
 22295 | D:12     | Reached skill level 10 in Stealth
 22305 | D:12     | Found a gate leading to a gauntlet.
 22423 | Gauntlet | Entered a Gauntlet
 22423 | Gauntlet | Found a transporter.
 22423 | Gauntlet | Found a transporter.
 22423 | Gauntlet | Found a transporter.
 22423 | Gauntlet | Found a transporter.
 22429 | Gauntlet | Found a transporter.
 22443 | Gauntlet | Found a transporter.
 22526 | Gauntlet | Found a transporter.
 22673 | Gauntlet | Identified the +4 pair of gloves "Ipuudoy" {+Inv Str+3
                  | Dex+3}
 22829 | Gauntlet | Reached skill level 1 in Evocations
 22961 | Gauntlet | Got Sif Muna's Octavo of the Squall and Exhumation
 23846 | D:13     | Reached ****** piety under Elyvilon
 24254 | D:13     | Reached skill level 5 in Evocations
 24316 | D:12     | Noticed Josephine
 24407 | D:12     | Identified the +0 ring mail "Utusiemm" {rF++}
 24533 | D:12     | Killed Josephine
 24789 | D:14     | Found a gate to the Vaults.
 24918 | D:14     | Found a shadowy altar of Dithmenos.
 25298 | D:14     | Reached XP level 15. HP: 95/112 MP: 16/20
 25637 | D:14     | Identified a scroll of acquirement
 25640 | D:14     | Acquired a +3 rapier of speed
 25877 | D:14     | Noticed Kirke
 26058 | D:15     | Entered Level 15 of the Dungeon
 26129 | D:15     | Noticed Rupert
 26331 | Lair:2   | Reached skill level 10 in Evocations
 27129 | Lair:5   | Found a large runed translucent door.
 27440 | Lair:5   | Found a large runed translucent door.
 27765 | Lair:5   | Learned a level 3 spell: Ozocubu's Armour
 27861 | Snake:1  | Entered Level 1 of the Snake Pit
 27912 | Swamp:1  | Entered Level 1 of the Swamp
 28138 | Orc:2    | Entered Level 2 of the Orcish Mines
 28733 | Orc:2    | Reached skill level 10 in Shapeshifting
 28933 | Orc:2    | Found a staircase to the Elven Halls.
 29247 | Orc:2    | Found Gittatuth's Armour Shop.
 29247 | Orc:2    | Found Itzirou's Distillery.
 29248 | Orc:2    | Found Nelod's Armour Boutique.
 29252 | Orc:2    | Found Codeber's Magic Scroll Shop.
 29256 | Orc:2    | Bought a scroll of blinking for 82 gold pieces
 29257 | Orc:2    | Bought a scarf of resistance for 448 gold pieces
 29270 | Orc:2    | Bought a potion of heal wounds for 60 gold pieces
 29270 | Orc:2    | Bought a potion of heal wounds for 60 gold pieces
 29270 | Orc:2    | Bought a potion of haste for 120 gold pieces
 29525 | Orc:2    | Upgraded the game from 0.31-a0-590-g8a5a4361df to
                  | 0.31-a0-596-g831eee08f1
 29725 | Orc:1    | Found Leonues's Distillery.
 29970 | Orc:1    | Reached skill level 19 in Dodging
 30153 | Orc:1    | Noticed Maurice
 30159 | Orc:1    | Killed Maurice
 30638 | Lair:3   | Reached XP level 16. HP: 53/121 MP: 7/21
 30910 | Snake:1  | Identified the +5 quarterstaff of Due Proportion {freeze,
                  | Str+3}
 31280 | Snake:1  | Found a runed translucent door.
 31280 | Snake:1  | Found a shimmering altar of Xom.
 31280 | Snake:1  | Identified the +2 demon blade "Hoos" {chaos, rElec rN+++
                  | rCorr Str-5}
 31280 | Snake:1  | Noticed Vorhees's ghost (adept GnFi)
 32082 | Snake:2  | Found Ynuacic's Distillery.
 32221 | Snake:2  | Noticed Asterion
 32226 | Snake:2  | Killed Asterion
 32231 | Snake:2  | Found Suororpha's Book Shoppe.
 32282 | Snake:2  | Found Zefer's Weapon Shop.
 32526 | Snake:2  | Reached skill level 1 in Shields
 33073 | Snake:2  | Found Taralluc's Antique Weapon Shop.
 33896 | Snake:3  | Reached skill level 5 in Shields
 34406 | Snake:3  | Noticed a nagaraja
 34429 | Snake:3  | Killed a nagaraja
 34662 | Snake:3  | Noticed Agnes
 34867 | Swamp:1  | Reached XP level 17. HP: 77/127 MP: 3/22
 36058 | Swamp:2  | Reached skill level 10 in Shields
 36569 | Swamp:3  | Acquired the +0 helmet of Kaxtifav {rPois rN+ Will+ Str-3}
 36938 | Swamp:3  | Noticed Roxanne
 36970 | Swamp:3  | Killed Roxanne
 37450 | Swamp:4  | Entered Level 4 of the Swamp
 38208 | Swamp:4  | Noticed a tentacled monstrosity
 38224 | Swamp:4  | Killed a tentacled monstrosity
 38232 | Swamp:4  | Got a decaying rune of Zot
 39053 | D:1      | Bought a scroll of enchant armour for 97 gold pieces
 39053 | D:1      | Bought a scroll of fog for 52 gold pieces
 39053 | D:1      | Bought a scroll of poison for 52 gold pieces
 39181 | D:2      | Killed Natasha
 39189 | D:2      | Noticed Jessica
 39194 | D:2      | Killed Jessica
 39281 | D:2      | Noticed Natasha
 39290 | D:2      | Killed Natasha
 39632 | D:5      | Found a one-way gate to the infinite horrors of the Abyss.
 39722 | D:5      | Killed flestrin's ghost
 39792 | D:5      | Killed Grinder
 40010 | D:7      | Noticed Pikel
 40026 | D:7      | Killed Pikel
 40065 | D:7      | Upgraded the game from 0.31-a0-596-g831eee08f1 to
                  | 0.31-a0-620-gd1cbd99268
 40356 | Vaults:1 | Entered Level 1 of the Vaults
 40377 | Vaults:1 | Reached XP level 18. HP: 134/134 MP: 18/23
 41209 | Vaults:1 | Reached skill level 10 in Fighting
 42050 | Vaults:1 | Upgraded the game from 0.31-a0-620-gd1cbd99268 to
                  | 0.31-a0-626-g8143ab4f1d
 42630 | Vaults:2 | Reached skill level 15 in Shapeshifting
 42816 | Vaults:2 | Noticed Zenata
 42828 | Vaults:2 | Killed Zenata
 43327 | Vaults:2 | Reached skill level 20 in Dodging
 43336 | Vaults:2 | Reached XP level 19. HP: 143/143 MP: 24/24
 43542 | Vaults:2 | Found Ciram's Weapon Emporium.
 44125 | Vaults:3 | Found Lipiu's Weapon Boutique.
 44671 | Vaults:3 | Identified the +5 battleaxe of Amubaet {venom, Dex+2}
 44738 | Vaults:3 | Noticed Norris
 44894 | Vaults:3 | Found a huge runed gate.
 44894 | Vaults:3 | Found a huge runed gate.
 44894 | Vaults:3 | Found a huge runed gate.
 44894 | Vaults:3 | Found a huge runed gate.
 44894 | Vaults:3 | Found a huge runed gate.
 44894 | Vaults:3 | Found a huge runed gate.
 44894 | Vaults:3 | Found a huge runed gate.
 44894 | Vaults:3 | Found a huge runed gate.
 44895 | Vaults:3 | Found a huge runed gate.
 44895 | Vaults:3 | Found a huge runed gate.
 44895 | Vaults:3 | Found a huge runed gate.
 44896 | Vaults:3 | Found a huge runed gate.
 44897 | Vaults:3 | Found a huge runed gate.
 45402 | Vaults:3 | Identified the +6 glaive of Symmetry {chaos, Int+2}
 45405 | Vaults:3 | Identified the +1 robe of Hoifet {rF+ rC+}
 45577 | Vaults:3 | Reached skill level 15 in Shields
 45645 | Vaults:3 | Found a staircase to the Crypt.
 45848 | Vaults:3 | Killed Norris
 46271 | Vaults:4 | Reached skill level 21 in Dodging
 46745 | Vaults:4 | Reached XP level 20. HP: 155/155 MP: 21/25
 47590 | D:14     | Killed Kirke
 47747 | D:15     | Killed Rupert
 48066 | D:15     | Found a staircase to the Depths.
 48147 | D:15     | Found a blossoming altar of Fedhas.
 48147 | D:15     | Found a shadowy altar of Dithmenos.
 48148 | D:15     | Found an iron altar of Okawaru.
 48505 | D:15     | Reached skill level 22 in Dodging
 49039 | D:15     | Got the Volume of Jinxing
 49295 | Depths:1 | Entered Level 1 of the Depths
 49421 | Depths:1 | Reached XP level 21. HP: 153/165 MP: 21/26
 49838 | Depths:1 | Found an opulent altar of Gozag.
 50823 | Depths:1 | Found a gateway to Hell.
 51004 | Depths:1 | Got the Compendium of Modification
 51315 | Depths:2 | Reached skill level 15 in Fighting
 51372 | Depths:2 | Noticed Grunn
 51397 | Depths:2 | Killed Grunn
 51700 | Depths:2 | Reached skill level 23 in Dodging
 51773 | Depths:2 | Found a one-way gate leading to the halls of Pandemonium.
 51894 | Depths:2 | Noticed Aizul
 51898 | Depths:2 | Killed Aizul
 51948 | Depths:2 | Noticed Vv
 51970 | Depths:2 | Killed Vv
 53648 | Depths:2 | Reached XP level 22. HP: 170/177 MP: 24/27
 54311 | Depths:4 | Entered Level 4 of the Depths
 54520 | Depths:4 | Found a one-way gateway to a ziggurat.
 55029 | Depths:4 | Reached skill level 24 in Dodging
 55440 | Depths:4 | Noticed a caustic shrike
 55440 | Depths:4 | Noticed a caustic shrike
 55441 | Depths:4 | Noticed a caustic shrike
 55470 | Depths:4 | Killed a caustic shrike
 55484 | Depths:4 | Killed a caustic shrike
 55496 | Depths:4 | Killed a caustic shrike
 55531 | Depths:4 | Found a shadowy altar of Dithmenos.
 55796 | Depths:4 | Found a gate to the Realm of Zot.
 56966 | Slime:1  | Entered Level 1 of the Pits of Slime
 57365 | Lair:4   | Reached skill level 25 in Dodging
 58267 | Slime:2  | Reached XP level 23. HP: 156/190 MP: 13/28
 59690 | Slime:4  | Gained mutation: You are frail. (-10% HP) [a shining eye]
 59728 | Slime:4  | Paralysed by a floating eye for 3 turns
 59865 | Slime:5  | Entered Level 5 of the Pits of Slime
 59938 | Slime:3  | Reached skill level 26 in Dodging
 60584 | Slime:4  | Gained mutation: Armour fits poorly on your strangely
                  | shaped body. [a shining eye]
 60706 | Slime:5  | Gained mutation: You are very frail. (-20% HP) [a shining
                  | eye]
 60707 | Slime:5  | Gained mutation: You sometimes lose your temper in combat.
                  | [a shining eye]
 60837 | Slime:5  | Found a viscous altar of Jiyva.
 61258 | Slime:5  | Noticed the Royal Jelly
 61261 | Slime:5  | Was placed under penance by Elyvilon
 61270 | Slime:5  | Killed the Royal Jelly
 61588 | Slime:5  | Identified the +7 chain mail of Tubrusea {rF++ rC- Str+3
                  | SInv}
 61600 | Slime:5  | Got a slimy rune of Zot
 61601 | Slime:5  | Identified the amulet of Botriph {RegenMP Regen+ Int-3
                  | Dex+3}
 61938 | Elf:1    | Entered Level 1 of the Elven Halls
 61951 | Orc:2    | Lost mutation: Armour fits poorly on your strangely shaped
                  | body. [potion of mutation]
 61951 | Orc:2    | Lost mutation: You sometimes lose your temper in combat.
                  | [potion of mutation]
 61951 | Orc:2    | Gained mutation: Your body sometimes deteriorates upon
                  | taking damage. [potion of mutation]
 61951 | Orc:2    | Lost mutation: You are very frail. (-20% HP) [potion of
                  | mutation]
 62170 | Elf:1    | Identified the +3 scimitar of Xiamm {speed, rElec Int+5}
 62480 | Elf:1    | Got the Tome of Illusion
 62591 | Elf:1    | Found Ithromusu's Book Boutique.
 62618 | Elf:1    | Found Soalemi's Tremendous Tomes.
 63007 | Elf:2    | Found Azihexau's Assorted Antiques.
 63128 | Elf:2    | Reached skill level 27 in Dodging
 63256 | Elf:2    | Found a huge runed translucent gate.
 63256 | Elf:2    | Found a huge runed translucent gate.
 63282 | Elf:2    | Found a huge runed translucent gate.
 63282 | Elf:2    | Found a huge runed translucent gate.
 63282 | Elf:2    | Found a huge runed translucent gate.
 63343 | Elf:2    | Found Muliw's Magic Scroll Emporium.
 63495 | Elf:3    | Entered Level 3 of the Elven Halls
 63687 | Elf:3    | Noticed Mara
 63695 | Elf:3    | Reached XP level 24. HP: 183/183 MP: 28/28
 63816 | Elf:3    | Noticed Voda's illusion
 64298 | Elf:3    | Noticed Voda's illusion
 64653 | Elf:3    | Noticed Voda's illusion
 65529 | Snake:3  | Killed Agnes
 65529 | Snake:3  | Noticed Saint Roka
 65765 | Snake:3  | Identified the +4 ring mail "Luefol" {rElec Str+2 Int+3}
 65776 | Snake:3  | Killed Saint Roka
 66064 | Snake:4  | Entered Level 4 of the Snake Pit
 66096 | Snake:4  | Found a transporter.
 66162 | Snake:4  | Found a bloodstained altar of Trog.
 66169 | Snake:4  | Found a transporter.
 66184 | Snake:4  | Noticed Razfen's ghost (adept GnWn)
 66290 | Snake:4  | Found Koaryni's General Store.
 66387 | Snake:4  | Bought a scroll of blinking for 127 gold pieces
 66825 | Snake:4  | Identified the +5 long sword of the Witching Augurer
                  | {venom, Dex+2}
 66825 | Snake:4  | Noticed Vashnia
 66960 | Snake:4  | Killed Vashnia
 67162 | Snake:4  | Got a serpentine rune of Zot
 67883 | Zot:1    | Entered Level 1 of the Realm of Zot
 69305 | Zot:2    | Noticed an orb of fire
 69309 | Zot:2    | Gained mutation: You do not regenerate when monsters are
                  | visible. [an orb of fire]
 69359 | Zot:1    | Reached XP level 25. HP: 173/197 MP: 25/28
 70423 | Crypt:1  | Entered Level 1 of the Crypt
 70430 | Crypt:1  | Noticed Frederick
 70676 | Vaults:3 | Killed Frederick
 72118 | Crypt:1  | Noticed Margery
 72164 | Crypt:1  | Killed Margery
 72525 | Crypt:2  | Was forgiven by Elyvilon
 72699 | Crypt:2  | Found an ancient bone altar of Kikubaaqudgha.
 74253 | Zot:2    | Noticed a shard shrike
 74262 | Zot:2    | Killed a shard shrike
 74360 | Zot:2    | Killed an orb of fire
 75184 | Zot:3    | Reached XP level 26. HP: 209/209 MP: 27/28
 75721 | Zot:3    | Found the +4 dragonskin cloak
 75721 | Zot:3    | Noticed Tiamat
 75770 | Zot:3    | Killed Tiamat
 76070 | Zot:3    | Identified the +1 falchion of Imbalance {flame, rPois rF+}
 76758 | Zot:4    | Noticed a Killer Klown
 76799 | Zot:4    | Killed a Killer Klown
 77620 | Zot:4    | Noticed an orb of fire
 78041 | Zot:5    | Entered Level 5 of the Realm of Zot
 78299 | Zot:5    | Identified the +1 leather armour of Ohoray Guim {Str+3}
 78853 | Zot:5    | Noticed an orb of fire
 78928 | Zot:5    | Gained mutation: You have a pair of small horns on your
                  | head. [an orb of fire]
 78929 | Zot:5    | Gained mutation: You occasionally lose the ability to read
                  | scrolls when taking damage. [an orb of fire]
 78931 | Zot:5    | Gained mutation: Your body often deteriorates upon taking
                  | damage. [an orb of fire]
 78937 | Zot:5    | Noticed a Killer Klown
 78944 | Zot:5    | Gained mutation: You occasionally lose the ability to drink
                  | potions when taking damage. [an orb of fire]
 78949 | Zot:5    | Killed an orb of fire
 78964 | Zot:5    | Killed a Killer Klown
 79006 | Zot:5    | Noticed a Killer Klown
 79097 | Zot:5    | Killed a Killer Klown
 79152 | Zot:5    | Noticed a dread lich
 79162 | Zot:5    | Killed a dread lich
 79263 | Zot:5    | Lost mutation: You occasionally lose the ability to read
                  | scrolls when taking damage. [potion of mutation]
 79263 | Zot:5    | Lost mutation: You do not regenerate when monsters are
                  | visible. [potion of mutation]
 79263 | Zot:5    | Gained mutation: Your spells are a little easier to cast,
                  | but a little less powerful. [potion of mutation]
 79263 | Zot:5    | Gained mutation: You are very frail. (-20% HP) [potion of
                  | mutation]
 79276 | Zot:5    | Noticed a Killer Klown
 79311 | Zot:5    | Killed a Killer Klown
 79475 | Zot:5    | Noticed a Killer Klown
 79488 | Zot:5    | Killed a Killer Klown
 79596 | Zot:5    | Noticed a dread lich
 79626 | Zot:5    | Killed a dread lich
 79718 | Zot:5    | Gained mutation: You are extremely frail. (-30% HP)
                  | [mutagenic glow]
 79734 | Zot:5    | Gained mutation: You are weak. (Str -2) [mutagenic glow]
 79828 | Zot:5    | Lost mutation: You occasionally lose the ability to drink
                  | potions when taking damage. [potion of mutation]
 79828 | Zot:5    | Lost mutation: You have a pair of small horns on your head.
                  | [potion of mutation]
 79828 | Zot:5    | Gained mutation: You are strong-willed. (Will+) [potion of
                  | mutation]
 79828 | Zot:5    | Lost mutation: You are strong-willed. (Will+) [potion of
                  | mutation]
 79923 | Zot:5    | Noticed a Killer Klown
 79951 | Zot:5    | Noticed an ancient lich
 79957 | Zot:5    | Killed a Killer Klown
 79971 | Zot:5    | Killed an ancient lich
 79972 | Zot:5    | Reached XP level 27. HP: 159/171 MP: 17/28
 80392 | Zot:5    | Got the Orb of Zot
 80580 | Depths:2 | Noticed Xealiuba the pandemonium lord
 80633 | Depths:1 | Noticed Isoullow the pandemonium lord
 80687 | D:15     | Noticed Gygul the pandemonium lord
 81087 | D:$      | Escaped with the Orb!

Illustrated notes

Levels and vault maps discovered:
D:1:      heliophobic_arrival_henge, layout_loops_corners, serial_shops,
          nicolae_shop_tiny_real_fake_doors, shop, nicolae_shop_crystal,
          nicolae_shop_behind_doors, shop
D:2:      layout_basic, basic_altar, dreamdust_ecumenical_altar_statues,
          uniq_jessica, uniq_natasha
D:3:      layout_rooms, hangedman_feature_mirror, corexii_hall_statues_i
D:4:      layout_rooms, lightli_minifort
D:5:      corexii_shack_village, layout_rooms, gammafunk_ghost_abyssal_escape,
          amethyst_killhole, hangedman_abyss_or_decor_stabs, uniq_grinder
D:6:      layout_cave_pods, minmay_temple_entry_fiery, ebering_ghost_rock_garden
D:7:      minmay_the_grid_square_5x5_3x3
          [minmay_the_grid_square_5x5_checkered_sparse,
          minmay_the_grid_square_5x5_spiral,
          minmay_the_grid_square_5x5_six_small,
          minmay_the_grid_square_5x5_bracketed,
          minmay_the_grid_square_5x5_megaprize_hollow,
          minmay_the_grid_square_5x5_forky, minmay_the_grid_square_5x5_minimal,
          minmay_the_grid_square_5x5_shuriken,
          minmay_the_grid_square_5x5_intrusive_squares], layout_layer_cave,
          cheibrodos_ashenzari_chains, minmay_shattered_shrine, uniq_pikel
D:8:      layout_loops_cross, nicolae_uskayaw_suspiria, uniq_joseph, uniq_erica
D:9:      wander_river, layout_basic, lemuel_crystal_altar,
          okawaru_metal_pillars_1_2
D:10:     layout_roguey, lair_entry_dummy, hellmonk_ghost_happy_afterlife,
          grunt_ministairs_8
D:11:     minmay_octagon_keep, layout_basic, orc_david_3, serial_shops,
          nicolae_shop_tiny_statue_garden
D:12:     layout_rooms, gauntlet_entry_generic, minmay_gold_behind_fungi,
          uniq_josephine
D:13:     layout_irregular_city, portal_ice_cave_rime, hex_tiny
D:14:     layout_loops_corners, david_vaults_3, basic_altar, uniq_kirke
D:15:     hangedman_slaughterboxes, uniq_rupert
Lair:1:   layout_roguey, nicolae_volcano_entry_lava_flow, lemuel_fruit_tree,
          infiniplex_staircase_pool, lemuel_fruit_fields, uniq_jeremiah
Lair:2:   layout_gridlike, skrybe_swamp_entry_bodies
Lair:3:   layout_layer_cave, minmay_snake_entry_six_corridors,
          grunt_forest_large_clearings
Lair:4:   layout_loops_ring, minmay_slime_entry_pillars, minmay_lair_drake_nest
Lair:5:   cheibrodos_lair_end_hotspot, layout_small_grid
Swamp:1:  layout_basic_swamp, evilmike_swamp_ruin_house_3,
          nicolae_swamp_feature_on_the_river_bank
Swamp:2:  layout_falls_marsh, hangedman_swamp_ruin_wall, swamp_pool4,
          hangedman_swamp_pad
Swamp:3:  layout_basic_swamp, evilmike_swamp_ruin_house_6,
          nicolae_swamp_triple_paths, swamp_pool3, nicolae_swamp_snake_nest,
          uniq_roxanne
Swamp:4:  swamp_vile, layout_basic_swamp
Snake:1:  layout_layer_cave, ebering_ghost_xom
Snake:2:  layout_layer_cave, serial_shops, nicolae_square_shop,
          nicolae_shop_hallway_plus, nicolae_shop_tiny_waterfront, shop_statue,
          uniq_asterion
Snake:3:  layout_cave_town, uniq_agnes, uniq_saint_roka
Snake:4:  grunt_snake_rune_serpentine_throne, layout_cave_shapes,
          gammafunk_ghost_wrathful_warriors, serial_shops, shop_coins,
          serial_bayou_shore_b
Slime:1:  layout_caves, special_room [special_room_jelly]
Slime:2:  layout_caves
Slime:3:  layout_caves
Slime:4:  layout_caves
Slime:5:  slime_pit
Orc:1:    layout_caves, guppyfry_orc_lava_fort, uniq_maurice
Orc:2:    st_orc_mages, layout_caves, hangedman_minor_magic
Elf:1:    nicolae_elf_arrival_aired_out, layout_rooms, serial_shops, shop,
          minmay_elf_demonology, hex_intersection,
          nicolae_shop_i_like_big_books, lemuel_flamethrower_2
Elf:2:    elven_hall_of_blades_hangedman_alternative
          [nicolae_blade_entry_area_security], layout_loops_ring, serial_shops,
          nicolae_shop_rolled_up, shop
Elf:3:    elf_hall, layout_geoelf_octagon, gammafunk_ghost_fury_of_okawaru,
          minivault_28, uniq_mara
Vaults:1: nicolae_vaults_network_s, nicolae_vaults_stepped_doors,
          nicolae_vaults_puzzle_piece, vaults_dpeg_spiral,
          nicolae_vaults_storage_room_glass, ontoclasm_vaults_chip,
          nicolae_vaults_house_2, nicolae_vaults_network_quinsquares
          [nicolae_vaults_network_quincunx_subvault,
          nicolae_vaults_network_quincunx_subvault,
          nicolae_vaults_network_quincunx_subvault,
          nicolae_vaults_network_quincunx_subvault], nicolae_vaults_tangram_2,
          st_diamondy, nicolae_vaults_little_squares_6, vaults_mumra_hex,
          ontoclasm_vaults_ring_small, nicolae_vaults_house_2,
          layout_vaults_big_cross
Vaults:2: nicolae_vaults_trapezoid_lopsided_2, vaults_mumra_minichess,
          nicolae_vaults_wine_cellar, v_misc_27, grunt_vaults_hallway_short,
          nicolae_vaults_house_1, nicolae_vaults_storage_closets_1,
          layout_vaults_omnigrid, serial_shops, nicolae_lakefront_shop,
          uniq_zenata
Vaults:3: minmay_crypt_entry_simple_plaza, v_pattern_1, v_misc_5,
          grunt_vaults_funnel, door_vault, nicolae_vaults_little_squares_2,
          nicolae_vaults_taking_the_gang_shopping, v_alt_pattern_4,
          nicolae_vaults_diagonal_hallway_7, nicolae_vaults_diamond_1,
          layout_vaults_chaotic_city, uniq_bai_suzhen, uniq_norris
Vaults:4: v_misc_23, v_misc_19, v_misc_26, hangedman_vaults_stagger,
          nicolae_vaults_little_squares_6, vaults_room_large_hall, v_misc_12,
          vaults_room_octagon, vaults_room_glass_cross,
          vaults_dpeg_encased_lava, hangedman_vaults_trim,
          nicolae_vaults_hallways_thing, vaults_room_corners,
          hangedman_vaults_slice, nicolae_vaults_asterisk,
          nicolae_vaults_little_squares_4, layout_vaults_ring
Crypt:1:  layout_gridlike, st_stairs_3, uniq_josephina, uniq_frederick,
          uniq_margery
Crypt:2:  layout_catacombs, basic_altar, minmay_misc_feat_pillars,
          amcnicky_mini_rare_corridor_liquid, nicolae_letterblocks
          [nicolae_letter_subblock, nicolae_letter_subblock,
          nicolae_letter_subblock, nicolae_letter_subblock,
          nicolae_letter_subblock, nicolae_letter_subblock,
          nicolae_letter_subblock, nicolae_letter_subblock,
          nicolae_letter_subblock, nicolae_letter_subblock,
          nicolae_letter_subblock, nicolae_letter_subblock,
          nicolae_letter_subblock, nicolae_letter_subblock,
          nicolae_letter_subblock, nicolae_letter_subblock,
          nicolae_letter_subblock, nicolae_letter_subblock,
          nicolae_letter_subblock, nicolae_letter_subblock,
          nicolae_letter_subblock, nicolae_letter_subblock,
          nicolae_letter_subblock, nicolae_letter_subblock,
          nicolae_letter_subblock], lemuel_upstairs_altar
Depths:1: layout_small_grid, pf_hell_entry_tar_spiral,
          lemuel_coloured_pillars_altar, hangedman_research_metamorphosis,
          grunt_megastairs_2, firewood_loft
Depths:2: hangedman_arrow_trap, layout_gridville, abyss_entry, pan_entry,
          corexii_corridor_pit, hell_entry, minmay_splitting_lines, uniq_vv,
          uniq_grunn, uniq_aizul
Depths:3: dreamdust_cat_pyramid, layout_cave_pools,
          minmay_misc_feat_secret_circle, abyss_entry_crystal, grunt_metal_band,
          rand_demon_pan_entry_9, minmay_starry_boxes
Depths:4: grunt_zot_entry_tricorne, layout_gridlike, enter_ziggurat_a,
          serial_curves, eino_curves_04, eino_curves_01, eino_curves_01,
          eino_curves_02, nicolae_dithmenos_the_darkroom,
          grunt_hell_entry_dis_grunt
Zot:1:    kennysheep_bubbly, layout_gridlike, basic_altar
Zot:2:    layout_onion_interference, hangedman_elemental_grid_stream
Zot:3:    layout_twisted_circle, uniq_tiamat
Zot:4:    kennysheep_blocky_hall, layout_onion_interference
Zot:5:    layout_cathedral_of_symmetry

Skill      XL: |  1  2  3  4  5  6  7  8  9 10 11 12 13 14 15 16 17 18 19 20 21 22 23 24 25 26 |
---------------+-------------------------------------------------------------------------------+-----
Dodging        | 3 4 5 7 14 18 19 20 21 22 23 25 27 | 27.0
Stealth        | 1 2 3 4 5 6 7 8 9 10 | 10.0
Fighting       | 2 4 5 6 8 9 11 12 14 15 18 20 22 24 26 | 26.7
Unarmed Combat | 4 |  4.3
Invocations    | 1 3 5 7 |  7.2
Ice Magic      | 2 3 5 6 |  6.9
Hexes          | 2 3 4 5 6 |  6.2
Short Blades   | 1 2 4 6 8 10 14 | 14.0
Spellcasting   | 1 2 3 |  3.3
Shapeshifting  | 6 9 10 13 15 16 18 19 | 19.5
Evocations     | 8 12 | 12.5
Shields        | 8 12 14 15 16 17 18 19 21 23 | 23.8

Action                     |  1- 3 |  4- 6 |  7- 9 | 10-12 | 13-15 | 16-18 | 19-21 | 22-24 | 25-27 || total
---------------------------+-------+-------+-------+-------+-------+-------+-------+-------+-------++-------
  Melee: Unarmed           |    65 |    95 |    40 |       |       |       |       |       |       ||   200
         Punch             |       |     2 |     6 |    29 |   113 |    22 |       |       |       ||   172
         Dagger            |       |       |   145 |   501 |  1070 |       |       |       |       ||  1716
         Maw               |       |       |       |   133 |   934 |  1007 |  1365 |  1404 |  1015 ||  5858
         Scimitar          |       |       |       |       |    25 |       |       |       |       ||    25
         Rapier            |       |       |       |       |   787 |  2013 |  2454 |  2573 |  2159 ||  9986
         Tailslap          |       |       |       |       |       |   124 |    13 |     3 |    29 ||   169
         Headbutt          |       |       |       |       |       |       |       |       |    40 ||    40
   Fire: Sling             |       |    51 |    55 |       |       |       |       |       |       ||   106
         Orcbow            |       |       |    27 |    45 |    56 |       |       |       |       ||   128
  Throw: Dart              |       |       |    19 |    32 |    28 |       |       |       |       ||    79
         Throwing net      |       |       |     2 |     5 |       |       |       |       |       ||     7
   Cast: Ensorcelled Hiber |       |       |    73 |   138 |    29 |     1 |       |       |       ||   241
         Ozocubu's Armour  |       |       |       |       |     6 |    24 |    19 |     8 |     1 ||    58
 Invoke: Heal Self         |       |       |     2 |    11 |     7 |     3 |     2 |       |     5 ||    30
         Heal Other        |       |       |       |       |     4 |       |       |       |       ||     4
Ability: Evoke Invisibilit |       |       |       |       |     1 |     3 |     2 |       |       ||     6
  Evoke: Wand              |     3 |       |     1 |     5 |     7 |     1 |     3 |     2 |    11 ||    33
         Lightning rod     |       |       |       |       |     6 |     4 |     9 |    12 |    11 ||    42
         Box of beasts     |       |       |       |       |     2 |     1 |     3 |     4 |     1 ||    11
         Phial of floods   |       |       |       |       |       |       |     3 |     2 |     2 ||     7
    Use: Scroll            |     3 |     1 |     5 |    13 |     9 |     6 |       |    16 |    15 ||    68
         Potion            |       |       |     2 |     4 |       |     1 |     1 |     1 |    10 ||    19
   Stab: Sleeping          |     1 |       |    45 |    70 |    28 |    67 |    38 |    39 |    17 ||   305
         Distracted        |       |     2 |       |     2 |    10 |     4 |     6 |    11 |     8 ||    43
         Held in net/web   |       |       |       |     2 |       |       |       |       |       ||     2
         Invisible         |       |       |       |       |     3 |    17 |    11 |       |       ||    31
 Armour: Animal skin       |     4 |       |       |       |       |       |       |       |       ||     4
         Ring mail         |    10 |    12 |       |       |       |       |       |       |       ||    22
         Leather armour    |       |    13 |    37 |    40 |     1 |       |       |       |       ||    91
         Skin              |       |       |    34 |    29 |   108 |    74 |    60 |    67 |    56 ||   428
  Dodge: Dodged            |    33 |    60 |   144 |   381 |  1460 |   966 |   899 |  1282 |   794 ||  6019
  Block: Kite shield       |       |       |       |       |       |   762 |   993 |  1231 |       ||  2986
         Tower shield      |       |       |       |       |       |       |       |   248 |  1584 ||  1832
   Form: Beast             |       |       |       |     1 |     5 |       |       |       |       ||     6
         Flux              |       |       |       |     1 |       |       |       |       |       ||     1
         Maw               |       |       |       |     1 |     6 |       |       |       |     2 ||     9
                           |       |       |       |       |     1 |       |       |       |       ||     1
         Statue            |       |       |       |       |       |       |       |       |     2 ||     2

Table legend: (Time is in decaauts)
 A = Elapsed time spent in this place.
 B = Non-inter-level travel time spent in this place.
 C = Inter-level travel time spent in this place.
 D = Time resting spent in this place.
 E = Time spent auto-exploring this place.
 F = Levels seen in this place.
 G = Mean time per level.
                   A        B        C        D        E       F      G
               +--------+--------+--------+--------+--------+-----+--------+
         Total |  74465 |  66617 |   7848 |  11380 |  25842 |  54 | 1379.0 |
       Dungeon |  22650 |  19172 |   3478 |   3458 |   6987 |  15 | 1510.0 |
          Lair |  10101 |   8969 |   1132 |   2021 |   2474 |   5 | 2020.2 |
         Swamp |   3023 |   2813 |    210 |    190 |   1477 |   4 |  755.8 |
     Snake Pit |   5509 |   5205 |    304 |    667 |   3068 |   4 | 1377.2 |
    Slime Pits |   3619 |   3437 |    182 |   1096 |    576 |   5 |  723.8 |
  Orcish Mines |   2393 |   2055 |    338 |    201 |    918 |   2 | 1196.5 |
   Elven Halls |   2589 |   2441 |    148 |    106 |   1098 |   3 |  863.0 |
        Vaults |   6969 |   6530 |    439 |    602 |   3732 |   4 | 1742.2 |
         Crypt |   2262 |   2183 |     79 |    155 |   1188 |   2 | 1131.0 |
        Depths |   6960 |   5788 |   1172 |    911 |   2617 |   4 | 1740.0 |
           Zot |   7854 |   7494 |    360 |   1852 |   1704 |   5 | 1570.8 |
      Gauntlet |    530 |    530 |      0 |    120 |      0 |   1 |  530.0 |
               +--------+--------+--------+--------+--------+-----+--------+

Top non-repeatable levels by time:
  Lair:3: 3397 daAuts
    D:11: 2875 daAuts
    D:15: 2493 daAuts
   Zot:5: 2235 daAuts
     D:7: 2229 daAuts
Vaults:3: 2204 daAuts
  Lair:4: 2189 daAuts
Depths:2: 2019 daAuts
 Snake:2: 1942 daAuts
Vaults:1: 1924 daAuts
     D:8: 1891 daAuts
Depths:4: 1845 daAuts
Depths:1: 1734 daAuts
   Zot:3: 1725 daAuts
  Lair:5: 1723 daAuts
